 Dungeon Crawl Stone Soup version 0.29.1-12-g30fa7ad0bf (webtiles) character file.

Game seed: 7809983093509353218

2260 wormed the Skirmisher (level 9, -1/48 HPs)
             Began as a Spriggan Hunter on Dec 24, 2022.
             Killed from afar by a steam dragon (19 damage)
             ... with a ball of steam
             ... on level 6 of the Dungeon.
             The game lasted 00:22:55 (7633 turns).

wormed the Skirmisher (Spriggan Hunter)             Turns: 7633, Time: 00:22:56

Health: -1/48      AC:  3    Str:  7    XL:     9   Next: 15%
Magic:  10/10      EV: 22    Int: 11    God:
Gold:   438        SH:  0    Dex: 22    Spells: 8/8 levels left

rFire   . . .      SeeInvis +   a - +0 shortbow
rCold   . . .      Faith    .   (shield currently unavailable)
rNeg    + . .      Spirit   .   x - +1 robe {rN+}
rPois   .          Reflect  .   (helmet restricted)
rElec   .          Harm     .   C - scarf {shadows}
rCorr   .          Rampage  .   (gloves unavailable)
Will    ++...                   (boots unavailable)
Stlth   ++........              (no amulet)
HPRegen 0.16/turn               g - +4 ring of evasion
MPRegen 0.12/turn               n - ring of willpower

@: very quick
A: very small, no large weapons, unfitting armour, see invisible, speed 3
a: no special abilities


You were on level 6 of the Dungeon.
You visited 2 branches of the dungeon, and saw 8 of its levels.

You collected 438 gold pieces.

Inventory:

Hand Weapons
 a - a +0 shortbow (weapon)
Missiles
 H - 3 poisoned darts (quivered)
Armour
 r - a scarf of invisibility
 x - a +1 robe of positive energy (worn)
 C - a scarf of shadows (worn)
Jewellery
 g - a +4 ring of evasion (left hand)
 l - a ring of protection from cold
 n - a ring of willpower (right hand)
 u - an amulet of magic regeneration
 y - a ring of poison resistance
 D - a +6 ring of dexterity
Wands
 v - a wand of mindburst (11)
 G - a wand of charming (11)
Scrolls
 b - 3 scrolls of immolation
 e - a scroll of enchant armour {unknown}
 f - 2 scrolls of poison {unknown}
 h - a scroll of identify
 i - a scroll of blinking {unknown}
 j - 2 scrolls of teleportation {unknown}
 m - 2 scrolls of enchant weapon {unknown}
 p - 2 scrolls of fear {unknown}
 q - 3 scrolls of butterflies {unknown}
 t - a scroll of magic mapping {unknown}
 A - a scroll of vulnerability {unknown}
 E - a scroll of brand weapon {unknown}
 F - a scroll of silence {unknown}
Potions
 c - a potion of resistance
 d - 2 potions of curing
 k - 2 potions of lignification
 o - 2 potions of haste
 s - 3 potions of invisibility
 w - 2 potions of heal wounds {unknown}
 z - a potion of might {unknown}
 B - a potion of degeneration {unknown}


   Skills:
 - Level 6.0 Fighting
 + Level 9.9 Ranged Weapons
 - Level 3.0 Armour
 - Level 3.0 Dodging
 - Level 2.0 Stealth


You had 8 spell levels left.
You didn't know any spells.
Your spell library contained the following spells:

 Spells                   Type           Power      Damage    Failure   Level
 Sting                    Tmut/Pois      0%         1d3       34%         1
 Ensorcelled Hibernation  Hex/Ice        0%         N/A       47%         2
 Passwall                 Tmut/Erth      0%         N/A       47%         2
 Poisonous Vapours        Pois/Air       0%         N/A       47%         2
 Spider Form              Tmut/Pois      0%         N/A       71%         3
 Swiftness                Air            0%         N/A       71%         3
 Anguish                  Hex/Necr       0%         N/A       98%         4
 Cause Fear               Hex            0%         N/A       98%         4
 Olgreb's Toxic Radiance  Pois           0%         N/A       98%         4
 Dragon Form              Tmut           0%         N/A       100%        7
 Dragon's Call            Summ           0%         N/A       100%        9


Dungeon Overview and Level Annotations

Branches:
Dungeon (7/15)             Temple (1/1) D:5

Altars:
Ashenzari
Cheibriados
Dithmenos
Elyvilon
Fedhas
Gozag
Hepliaklqana
Kikubaaqudgha
Makhleb
Nemelex Xobeh
Qazlal
Ru
Sif Muna
Trog
Uskayaw
Vehumet
Xom
Yredelemnul
Zin

Shops:
D:4 *


Innate Abilities, Weirdness & Mutations

You are very small and have problems with some larger weapons.
You are too small for most types of armour.
You have supernaturally acute eyesight. (SInv)
You cover ground extremely quickly. (Speed+++)


Message History

Aim: a steam dragon (lightly wounded, 70% to hit)
You shoot an arrow.
The arrow barely misses the steam dragon.
Throw: 7 darts (poison)
Press: ? - help, Q - select action, (/) - cycle Shift-Dir - straight line, f/p - steam dragon
Aim: a steam dragon (lightly wounded, 66% to hit)
You throw a poisoned dart.
The poisoned dart hits the steam dragon.
The steam dragon is poisoned.
The steam dragon is lightly wounded.
Throw: 6 darts (poison)
Press: ? - help, Q - select action, (/) - cycle Shift-Dir - straight line, f/p - steam dragon
Aim: a steam dragon (lightly wounded, poisoned, 66% to hit)
You throw a poisoned dart.
The poisoned dart hits the steam dragon.
The steam dragon looks even sicker.
The steam dragon is lightly wounded.
The steam dragon breathes steam at you. The ball of steam hits you!
Throw: 5 darts (poison)
Press: ? - help, Q - select action, (/) - cycle Shift-Dir - straight line, f/p - steam dragon
Aim: a steam dragon (steam, lightly wounded, very poisoned, catching its breath, 66% to hit)
You throw a poisoned dart.
The poisoned dart hits the steam dragon.
The steam dragon is lightly wounded.
You are engulfed in a cloud of scalding steam.
Throw: 4 darts (poison)
Press: ? - help, Q - select action, (/) - cycle Shift-Dir - straight line, f/p - steam dragon
Aim: a steam dragon (steam, lightly wounded, very poisoned, catching its breath, 66% to hit)
You throw a poisoned dart.
The poisoned dart hits the steam dragon.
The steam dragon looks even sicker.
The steam dragon is lightly wounded.
You are engulfed in a cloud of scalding steam.
The steam dragon closely misses you. The steam dragon completely misses you.
You climb upwards.
There is a stone staircase leading down here.
The steam dragon breathes steam at you. The ball of steam hits you!!
You die...

#............≈..[....≈.##.#####.#
#.......####.≈≈≈≈≈≈≈≈≈...........
##.#..#.####...........#..#####.#
#.#.##...##.#.#####.....#####..#
#.#.####..#...................[.
#.#.####....<.###...#..#####.###
#.#......###...##.####..##...#..
#.#....### #......#####....###.#
#.#.##.# #...@....###..##....#
#...##.#####.#§..##.........####
##.####.##....D.#.......#....#
...........##.###.....#...#.##
...........##.###.....###...##
................#.....##..#..###
..........#####.....).#..##..).##
..........#####.........###.##..)
......^.................###.#####


You could see a steam dragon (very poisoned, catching breath).

Vanquished Creatures
  Grinder (D:5)
  Sigmund (D:2)
  A wyvern (D:7)
  A water moccasin (D:6)
  2 black bears (D:4)
  2 phantoms (D:6)
  A kobold brigand (D:7)
  4 necrophages
  3 scorpions
  2 wights (D:7)
  A howler monkey (D:5)
  3 jellies
  5 hounds
  A gnoll bouda (D:6)
  Natasha (thrice) (D:2)
  4 iguanas
  6 gnolls
  7 adders
  A shadow imp (D:6)
  An ufetubus (D:4)
  5 worms
  A dart slug (D:4)
  3 orcs
  13 ball pythons
  7 endoplasms
  4 giant cockroaches
  6 goblins
  12 hobgoblins
  6 jackals
  2 quokkas
  3 bats
  6 frilled lizards
  17 kobolds
  6 rats
141 creatures vanquished.

Notes
Turn   | Place    | Note
-------+----------+-------------------------------------------
     0 | D:1      | wormed the Spriggan Hunter began the quest for the Orb.
     0 | D:1      | Reached XP level 1. HP: 10/10 MP: 2/2
   162 | D:1      | Reached XP level 2. HP: 15/15 MP: 3/3
   741 | D:2      | Found a faded altar of an unknown god.
   841 | D:2      | Noticed Natasha
   876 | D:2      | Noticed a crimson imp
   876 | D:2      | Noticed a crimson imp
  1202 | D:2      | Reached XP level 3. HP: 18/18 MP: 4/4
  1372 | D:2      | Reached skill level 1 in Armour
  1400 | D:2      | Killed Natasha
  1608 | D:2      | Noticed Sigmund
  1652 | D:2      | Killed Sigmund
  1653 | D:2      | Reached skill level 5 in Ranged Weapons
  1653 | D:2      | Reached XP level 4. HP: 21/24 MP: 5/5
  1653 | D:2      | Reached XP level 5. HP: 24/28 MP: 6/6
  1854 | D:2      | Noticed Natasha
  1917 | D:2      | Killed Natasha
  2219 | D:2      | Noticed Natasha
  2225 | D:2      | Killed Natasha
  2226 | D:2      | Reached XP level 6. HP: 32/32 MP: 7/7
  3150 | D:4      | Found Zin's Purification Station.
  3153 | D:4      | Found a glowing silver altar of Zin.
  3666 | D:4      | Reached XP level 7. HP: 37/37 MP: 8/8
  3919 | D:4      | Reached skill level 6 in Ranged Weapons
  4192 | D:4      | Found a basalt altar of Yredelemnul.
  4221 | D:4      | Found a shimmering altar of Xom.
  4452 | D:5      | Entered Level 5 of the Dungeon
  4724 | D:5      | Found a staircase to the Ecumenical Temple.
  4761 | D:5      | Noticed Grinder
  4777 | Temple   | Entered the Ecumenical Temple
  5343 | D:5      | Reached skill level 5 in Fighting
  5343 | D:5      | Reached skill level 7 in Ranged Weapons
  5343 | D:5      | Reached XP level 8. HP: 43/43 MP: 9/9
  5581 | D:5      | Killed Grinder
  6100 | D:5      | Reached skill level 8 in Ranged Weapons
  6173 | D:6      | Found a broken altar of Ashenzari.
  6285 | D:6      | Found a sparkling altar of Nemelex Xobeh.
  6288 | D:6      | Found a shadowy altar of Dithmenos.
  6564 | D:6      | Reached skill level 9 in Ranged Weapons
  7195 | D:7      | Reached XP level 9. HP: 32/48 MP: 10/10
  7633 | D:6      | Killed from afar by a steam dragon

Illustrated notes

Levels and vault maps discovered:
D:1:      minmay_arrival_cross, layout_loops_ring,
          chequers_serial_rivers_room_b, minmay_unequal
D:2:      layout_loops_ring, ebering_ecumenical_altar_box, uniq_sigmund,
          uniq_natasha
D:3:      layout_loops_ring
D:4:      minmay_bubble_buster, layout_cave_pods, zin_purify,
          mainiacjoe_overflow_swirl, grunt_ministairs_13,
          kennysheep_small_square
D:5:      layout_basic, minmay_temple_entry_ruins,
          eino_small_chamber_without_monster, uniq_grinder
D:6:      layout_rooms, nicolae_overflow_crystal_walls,
          mainiacjoe_overflow_catwalk_spiral
D:7:      layout_basic
Temple:   hellmonk_temple_forest_ring

Skill      XL: |  1  2  3  4  5  6  7  8 |
---------------+-------------------------+-----
Stealth        | 2 |  2.0
Dodging        | 3 |  3.0
Fighting       | 2 3 5 6 |  6.0
Armour         | 2 3 |  3.0
Ranged Weapons | 5 7 9 |  9.9

Action                   |  1- 3 |  4- 6 |  7- 9 || total
-------------------------+-------+-------+-------++-------
 Fire: Shortbow          |   101 |   148 |   337 ||   586
Throw: Dart              |       |       |    10 ||    10
Evoke: Wand              |       |       |     4 ||     4
  Use: Scroll            |       |       |     5 ||     5
       Potion            |       |       |     1 ||     1
Armor: Robe              |     2 |     1 |    14 ||    17
Dodge: Dodged            |    14 |    31 |   147 ||   192
